 Dungeon Crawl Stone Soup version 0.25.1-2-g60ff931df9 (webtiles) character file.

Game seed: 7015053031832424602

1649 H0rd4k the Cutter (level 9, -1/65 HPs)
             Began as a Human Artificer on Sept 3, 2020.
             Engulfed by a steam dragon's steam (9 damage)
             ... on level 8 of the Dungeon.
             The game lasted 00:12:09 (7701 turns).

H0rd4k the Cutter (Human Artificer)                 Turns: 7701, Time: 00:12:09

Health: -1/65      AC:  5    Str: 15    XL:     9   Next: 19%
Magic:  12/12      EV: 15    Int: 17    God:
Gold:   356        SH:  0    Dex: 15    Spells: 8/8 levels left

rFire    x . .     SeeInvis .   r - +2 short sword (holy)
rCold    + + .     Gourm    .   (no shield)
rNeg     . . .     Faith    .   p - +1 robe {rC+}
rPois    .         Spirit   .   (no helmet)
rElec    .         Reflect  .   (no cloak)
rCorr    .         Harm     .   w - +1 pair of gloves
MR       .....                  (no boots)
Stlth    +++.......             l - amulet of magic regeneration
HPRegen  0.20/turn              n - +6 ring of intelligence
MPRegen  0.38/turn              q - ring of ice

@: very slightly contaminated
A: no striking features
a: no special abilities


You were on level 8 of the Dungeon.
You were hungry.

You visited 1 branch of the dungeon, and saw 8 of its levels.

You collected 356 gold pieces.

Inventory:

Hand Weapons
 a - a +0 short sword
 i - a +2 dagger of draining
 r - a +2 short sword of holy wrath (weapon)
 s - a +0 rapier of flaming
Missiles
 y - 22 poisoned darts (quivered)
Armour
 b - a +0 leather armour
 p - a +1 robe of cold resistance (worn)
 w - a +1 pair of gloves (worn)
 A - a cursed +0 leather armour
Jewellery
 l - an amulet of magic regeneration (around neck)
 n - a +6 ring of intelligence (left hand)
 q - a ring of ice (right hand)
 u - the ring "Pairhiu" {rPois rF++ rN+ MR- Int+6, unknown}
   (You found it on level 6 of the Dungeon)

   [ring of intelligence]

   It affects your intelligence (+6).
   It greatly protects you from fire.
   It protects you from poison.
   It protects you from negative energy.
   It affects your resistance to hostile enchantments.
Wands
 d - a wand of enslavement (13)
 e - a wand of random effects (15)
 g - a wand of polymorph (8)
 k - a wand of clouds (4)
 z - a wand of iceblast (17)
Scrolls
 h - a scroll of teleportation {unknown}
 j - a scroll of blinking
 m - a scroll of noise {unknown}
 o - 6 scrolls of identify
 t - a scroll of magic mapping {unknown}
 B - 4 scrolls of remove curse
 C - a scroll of enchant armour {unknown}
 D - a scroll of fog {unknown}
 E - a scroll of torment {unknown}
 F - 2 scrolls of amnesia
Potions
 v - a potion of curing
 x - a potion of brilliance
 G - 2 potions of magic {unknown}
Comestibles
 f - 5 rations


   Skills:
 + Level 4.2 Fighting
 + Level 6.9 Short Blades
 + Level 1.5 Armour
 + Level 5.5 Dodging
 + Level 4.3 Stealth
 + Level 4.1 Evocations


You had 8 spell levels left.
You didn't know any spells.
Your spell library contained the following spells:

 Spells                   Type           Power        Failure   Level  Hunger
 Animate Skeleton         Necr           N/A          24%         1    ##.....
 Apportation              Tloc           #.....       24%         1    ##.....
 Beastly Appendage        Tmut           #.....       24%         1    ##.....
 Corona                   Hex            #......      24%         1    ##.....
 Summon Small Mammal      Summ           #...         24%         1    ##.....
 Sticks to Snakes         Tmut           #.......     34%         2    ###....
 Spider Form              Tmut/Pois      #.........   56%         3    ####...
 Ice Form                 Ice/Tmut       #.......     93%         4    #####..
 Blade Hands              Tmut           #.........   100%        5    ######.


Dungeon Overview and Level Annotations

Branches:
Dungeon (8/15)             Temple (0/1) D:6
   Lair: D:8-11

Altars:
Elyvilon
Nemelex Xobeh
Okawaru
Ru
Trog
Wu Jian
The Shining One

Annotations:
D:4 exclusion: downstairs
D:6 exclusion: sky beast
D:8 Harold


Message History

The steam dragon breathes steam at you. The ball of steam hits you!
The steam scalds you terribly!
* * * LOW HITPOINT WARNING * * *
Harold moves out of view.
The scorpion moves out of view.
Found 15 gold pieces.
Found a scroll of identify.
There is a stone staircase leading up here.
Harold throws a throwing net.
The throwing net hits you.
You become entangled in the net!
You stop ascending the stairs.
The howler monkey hoots and howls with incredible vigour! x2
The wight hits you with a cursed +5 falchion.
* * * LOW HITPOINT WARNING * * *
Unknown command.
Blink to where?
Press: ? - help, Dir - move target cursor
As you read the scroll of blinking, it crumbles to dust.
The howler monkey hoots and howls with incredible vigour!
Found a stone staircase leading down.
You are engulfed in a cloud of scalding steam.
You die...

.#.............§#
.............h###
.....§.....h.####
....@§§..hh.....#
?....s..........
.......D..zz..#.
..............#
####.....#
..#..##


You could see Harold, a steam dragon, 2 black bears, a scorpion, 2 howler
monkeys and 4 wights.

Vanquished Creatures
  Edmund (D:6)
  3 ice beasts
  An orc warrior (D:6)
  2 ogres
  A centaur (D:6)
  A bullfrog (D:8)
  A scorpion (D:6)
  2 howler monkeys
  2 crimson imps
  A centaur zombie (D:6)
  A hound (D:5)
  4 orc priests
  An iron imp (D:6)
  2 orc wizards
  2 bullfrog skeletons (D:5)
  Jessica (D:2)
  An iguana (D:5)
  6 worker ants
  A hound skeleton (D:6)
  3 gnolls (D:2)
  5 adders
  A shadow imp (D:5)
  A worm (D:5)
  10 dart slugs
  2 leopard geckos
  7 orcs
  2 ball pythons (D:1)
  6 giant cockroaches
  3 hobgoblins
  6 jackals
  11 kobolds
  A quokka (D:5)
  A ball python zombie (D:5)
  7 bats
  4 frilled lizards
  3 goblins
  A goblin skeleton (D:6)
  A goblin zombie (D:6)
  4 hobgoblin zombies (D:6)
  A kobold skeleton (D:6)
  A kobold zombie (D:6)
  4 leopard gecko skeletons
  2 orc skeletons (D:6)
  An orc zombie (D:6)
  A quokka zombie (D:5)
  8 rats
131 creatures vanquished.

Vanquished Creatures (collateral kills)
  2 dart slugs (D:5)
  A leopard gecko (D:5)
  An orc (D:5)
4 creatures vanquished.

Vanquished Creatures (others)
  2 orcs (D:6)
  4 toadstools (D:1)
6 creatures vanquished.

Grand Total: 141 creatures vanquished

Notes
Turn   | Place    | Note
-------+----------+-------------------------------------------
     0 | D:1      | H0rd4k the Human Artificer began the quest for the Orb.
     0 | D:1      | Reached XP level 1. HP: 15/15 MP: 3/3
     3 | D:1      | Noticed an electric eel
     3 | D:1      | Noticed an electric eel
   512 | D:1      | Reached XP level 2. HP: 16/21 MP: 4/4
  1096 | D:2      | Found an iron altar of Okawaru.
  1096 | D:2      | Found a sacrificial altar of Ru.
  1096 | D:2      | Found a white marble altar of Elyvilon.
  1096 | D:2      | Noticed Jessica
  1113 | D:1      | Reached XP level 3. HP: 16/26 MP: 5/5
  1229 | D:2      | Killed Jessica
  1229 | D:2      | Reached skill level 2 in Short Blades
  1290 | D:2      | Reached XP level 4. HP: 16/32 MP: 6/6
  1602 | D:2      | Found an ornate altar of the Wu Jian Council.
  2110 | D:2      | Reached XP level 5. HP: 37/37 MP: 7/7
  2356 | D:3      | Found a bloodstained altar of Trog.
  2445 | D:3      | Reached skill level 3 in Short Blades
  2843 | D:3      | You fall into a shaft and drop 1 floor!
  2844 | D:4      | Noticed an ogre
  2847 | D:4      | Killed an ogre
  2847 | D:4      | Reached skill level 1 in Armour
  2847 | D:4      | Reached XP level 6. HP: 44/44 MP: 8/8
  3602 | D:4      | Found a sparkling altar of Nemelex Xobeh.
  3851 | D:4      | Reached skill level 4 in Short Blades
  4004 | D:5      | Entered Level 5 of the Dungeon
  4242 | D:5      | Reached XP level 7. HP: 34/50 MP: 9/9
  5178 | D:6      | Reached skill level 5 in Short Blades
  5178 | D:6      | Reached XP level 8. HP: 58/58 MP: 10/10
  5266 | D:6      | HP: 2/87 [iron imp (7)]
  5856 | D:6      | Got a bound ivory ring
  6092 | D:6      | Noticed Edmund
  6334 | D:6      | Found a staircase to the Ecumenical Temple.
  6359 | D:6      | Reached skill level 6 in Short Blades
  6359 | D:6      | Reached skill level 5 in Dodging
  6415 | D:6      | Found a glowing golden altar of the Shining One.
  6550 | D:6      | Killed Edmund
  7189 | D:5      | Reached XP level 9. HP: 65/65 MP: 11/11
  7697 | D:8      | Noticed Harold
  7701 | D:8      | Engulfed by a steam dragon's steam

Illustrated notes

Levels and vault maps discovered:
D:1:      arrival_aquarium_b, layout_basic, minmay_gold_behind_fungi
D:2:      layout_rooms, nicolae_overflow_quartered_altars, uniq_jessica
D:3:      layout_loops_ring, old_standard_altar, serial_bayou,
          serial_bayou_lake_a, serial_bayou_lagoon_a, serial_bayou_pond_c,
          serial_bayou_pond_a, serial_bayou_shore_a, minivault_25
D:4:      layout_loops_cross, nemelex_xobeh_ov_fountains_minmay, first_ration
D:5:      kennysheep_slugbush, layout_basic
D:6:      layout_loops_cross, nicolae_tso_besieged_by_evil, temple_pool_b,
          uniq_edmund
D:7:      layout_layer_cave
D:8:      layout_cave_pools, david_lair_shrubbed, uniq_harold

Skill      XL: |  1  2  3  4  5  6  7  8  9 |
---------------+----------------------------+-----
Short Blades   | 2 3 4 5 6 |  6.9
Armour         | 1 |  1.5
Dodging        | 3 4 5 |  5.5
Fighting       | 2 3 4 |  4.2
Stealth        | 2 3 4 |  4.3
Evocations     | 4 |  4.1

Action                   |  1- 3 |  4- 6 |  7- 9 || total
-------------------------+-------+-------+-------++-------
Melee: Short sword       |    48 |       |    36 ||    84
       Dagger            |    36 |   213 |   301 ||   550
       Unarmed           |     3 |       |       ||     3
Evoke: Wand              |       |       |    17 ||    17
  Use: Potion            |       |       |     6 ||     6
       Scroll            |       |       |     4 ||     4
 Stab: Sleeping          |       |     3 |     5 ||     8
  Eat: Chunk             |       |    11 |    10 ||    21
Armor: Leather armour    |    28 |    13 |       ||    41
       Robe              |       |    35 |    21 ||    56
       Skin              |       |       |    18 ||    18
Dodge: Dodged            |    61 |   160 |   175 ||   396
